 Dungeon Crawl Stone Soup version 0.19.5 (webtiles) character file.

102 McKennaii the Gusty (level 4, -2/27 HPs)
             Began as a High Elf Air Elementalist on Apr 16, 2017.
             Slain by an adder (5 damage)
             ... on level 3 of the Dungeon.
             The game lasted 00:05:44 (1855 turns).

McKennaii the Gusty (High Elf Air Elementalist)     Turns: 1855, Time: 00:05:44

Health: -2/27      AC:  2    Str:  7    XL:     4   Next: 50%
Magic:  0/9        EV: 13    Int: 19    God:
Gold:   190        SH:  0    Dex: 16    Spells: 3 memorised, 4 levels left

rFire  + . .     SeeInvis .     (no weapon)
rCold  . . .     Gourm    .     a - +0 robe
rNeg   . . .     Faith    .     (no shield)
rPois  .         Spirit   .     (no helmet)
rElec  .         Reflect  .     (no cloak)
rCorr  .         Harm     .     (no gloves)
MR     .....                    (no boots)
Stlth  ++........               (no amulet)
                                (no ring)
                                i - ring of protection from fire

@: lethally poisoned (-2 -> -7), repel missiles
A: no striking features
a: no special abilities


You were on level 3 of the Dungeon.
You were not hungry.

You visited 1 branch of the dungeon, and saw 3 of its levels.

You collected 190 gold pieces.

Inventory:

Armour
 a - a +0 robe (worn)
Jewellery
 i - a ring of protection from fire (left hand)
 j - an uncursed ring of positive energy {unknown}
Scrolls
 d - 3 scrolls of amnesia {unknown}
 e - a scroll of remove curse {unknown}
 g - a scroll of magic mapping {unknown}
Potions
 h - a potion of heal wounds {unknown}
 k - a potion of cancellation {unknown}
Books
 b - a book of Air

   Spells                             Type                      Level
   a - Shock                          Conjuration/Air              1
   b - Swiftness                      Charms/Air                   2
   c - Repel Missiles                 Charms/Air                   2
   d - Static Discharge               Conjuration/Air              3
   e - Lightning Bolt                 Conjuration/Air              5
Comestibles
 c - 3 bread rations
 f - a royal jelly


   Skills:
 + Level 2.9 Dodging
 + Level 2.3 Stealth
 + Level 0.5 Unarmed Combat
 + Level 3.2 Spellcasting
 + Level 2.4 Conjurations
 + Level 4.6 Air Magic


You had 4 spell levels left.
You knew the following spells:

 Your Spells              Type           Power        Failure   Level  Hunger
a - Shock                 Conj/Air       ###.         4%          1    None
b - Swiftness             Chrm/Air       ##......     10%         2    ##.....
c - Repel Missiles        Chrm/Air       ##....       10%         2    ##.....


Dungeon Overview and Level Annotations

Branches:
Dungeon (3/15)

Altars:


Message History

You feel sick. The adder misses you.
Casting: Shock
Confirm with . or Enter, or press ? or * to list all spells.
Aiming: Shock
Press: ? - help, Shift-Dir - straight line, p - adder The zap misses the adder. x2; You feel sick.
The adder barely misses you.
You feel sick. The adder bites you.
* * * LOW HITPOINT WARNING * * *
You found a shaft!
* * * LOW HITPOINT WARNING * * *
You feel sick. The adder barely misses you.
Okay, then.
* * * LOW HITPOINT WARNING * * *
You feel sick.
Casting: Shock
Confirm with . or Enter, or press ? or * to list all spells.
Aiming: Shock
Press: ? - help, Shift-Dir - straight line The zap misses the adder. x2; The adder bites you.
You die...

###.# ##.#.#
..#.#########....###
...................+
.#.###.#.###....###
#.#.#......#
#.#.#.#.####
#.##.^S##
#.######.###@##
#......<.# #.#
########## #.# #.#
#.# #.# #.# #.#


You could see an adder.

Vanquished Creatures
  Crazy Yiuf (D:2)
  3 worms (D:2)
  3 dart slugs (D:1)
  4 leopard geckos (D:1)
  3 orcs (D:3)
  A ball python (D:1)
  5 bats (D:1)
  3 giant cockroaches
  4 goblins (D:1)
  5 hobgoblins
  6 jackals
  3 frilled lizards (D:1)
  4 kobolds
  3 rats (D:1)
  A fungus (D:1)
49 creatures vanquished.

Notes
Turn   | Place    | Note
-------+----------+-------------------------------------------
     0 | D:1      | McKennaii the High Elf Air Elementalist began the quest for the Orb.
     0 | D:1      | Reached XP level 1. HP: 11/11 MP: 4/4
   167 | D:1      | Reached XP level 2. HP: 17/17 MP: 2/6
   324 | D:1      | Reached skill level 4 in Air Magic
   559 | D:1      | Reached XP level 3. HP: 18/21 MP: 0/8
   644 | D:1      | Learned a level 2 spell: Swiftness
   648 | D:1      | Learned a level 2 spell: Repel Missiles
  1519 | D:2      | Found a runed door.
  1724 | D:2      | Noticed Crazy Yiuf
  1727 | D:2      | Killed Crazy Yiuf
  1727 | D:2      | Reached XP level 4. HP: 27/27 MP: 3/9
  1855 | D:3      | Slain by an adder

Skill      XL: |  1  2  3 |
---------------+----------+-----
Air Magic      | 4 |  4.6
Spellcasting   | 3 |  3.2
Conjurations   | 2 |  2.4
Dodging        | |  2.9
Stealth        | |  2.3
Unarmed Combat | |  0.5

Action                   |  1- 3 |  4- 6 || total
-------------------------+-------+-------++-------
Melee: Unarmed           |    79 |     3 ||    82
 Cast: Shock             |   102 |    18 ||   120
       Repel Missiles    |     1 |       ||     1
  Use: Scroll            |     1 |       ||     1
  Eat: Meat ration       |     1 |       ||     1
Armor: Robe              |    16 |       ||    16
Dodge: Dodged            |    48 |     8 ||    56
